 Dungeon Crawl Stone Soup version 0.29-a0-350-g7790a0e70a (webtiles) character file.

Game seed: 13476568360231214235

664 spaghetti the Destroyer (level 7, -1/56 HPs)
             Began as a Gnoll Wanderer on Apr 22, 2022.
             Was a Priest of Fedhas.
             Slain by an ogre
             ... wielding a +0 giant club
              (30 damage)
             ... on level 5 of the Dungeon.
             The game lasted 00:10:25 (5772 turns).

spaghetti the Destroyer (Gnoll Wanderer)            Turns: 5772, Time: 00:10:25

Health: -1/56      AC:  7    Str: 10    XL:     7   Next: 57%
Magic:  0/12       EV: 11    Int: 19    God:    Fedhas [***...]
Gold:   362        SH:  0    Dex: 11    Spells: 2/13 levels left

rFire   . . .      SeeInvis .   c - +2 short sword (venom) {short}
rCold   . . .      Faith    .   b - orb {*channel}
rNeg    . . .      Spirit   .   i - +3 leather armour
rPois   +          Reflect  .   (no helmet)
rElec   .          Harm     .   (no cloak)
rCorr   .          Rampage  .   z - -6 pair of gloves of the Meadowlark {Int+4}
Will    .....                   k - +0 pair of boots
Stlth   ++........              (no amulet)
HPRegen 0.18/turn               n - ring of poison resistance
MPRegen 0.13/turn               (no ring)

@: ice-armoured
A: fangs 1, strong nose, distributed training
a: Renounce Religion, Wall of Briars, Grow Ballistomycete


You were on level 5 of the Dungeon.
You worshipped Fedhas.
Fedhas was most pleased with you.
You visited 1 branch of the dungeon, and saw 5 of its levels.

You collected 362 gold pieces.


Innate Abilities, Weirdness & Mutations

You have very sharp teeth.
Your uncanny sense of smell can sniff out nearby items.
Your experience applies equally to all skills.


   Skills:
 + Level 5.3 Fighting
 + Level 2.5 Short Blades
 + Level 2.5 Long Blades
 + Level 2.5 Axes
 + Level 2.5 Maces & Flails
 + Level 2.5 Polearms
 + Level 2.5 Staves
 + Level 2.5 Slings
 + Level 2.5 Bows
 + Level 2.5 Crossbows
 + Level 2.5 Throwing
 + Level 2.5 Armour
 + Level 2.5 Dodging
 + Level 2.5 Stealth
 + Level 2.5 Shields
 + Level 2.5 Unarmed Combat
 + Level 3.8 Spellcasting
 + Level 9.0 Conjurations
 + Level 2.1 Hexes
 + Level 2.1 Summonings
 + Level 2.1 Necromancy
 + Level 2.1 Translocations
 + Level 2.1 Transmutations
 + Level 2.1 Fire Magic
 + Level 4.3 Ice Magic
 + Level 2.1 Air Magic
 + Level 2.1 Earth Magic
 + Level 2.1 Poison Magic
 + Level 2.8 Invocations
 + Level 2.5 Evocations


You had 2 spell levels left.
You knew the following spells:

 Your Spells              Type           Power      Damage    Failure   Level
a - Magic Dart            Conj           100%       1d8       1%          1
b - Ozocubu's Armour      Ice            20%        N/A       9%          3
c - Sticky Flame          Conj/Fire      24%        2d5       19%         4
d - Conjure Flame         Conj/Fire      24%        6-21      5%          3

Your spell library contained the following spells:

 Spells                   Type           Power      Damage    Failure   Level
 Freeze                   Ice            80%        1d9       3%          1

Inventory:

Hand Weapons
 a - a +0 dagger {short}
 c - a +2 short sword of venom (weapon) {short}
   (You took it off an orc on level 5 of the Dungeon)
 x - a +2 vampiric dagger {short}
   (You took it off a goblin on level 3 of the Dungeon)
Missiles
 g - 218 stones {throwing}
Armour
 b - an orb of energy (worn)
   (You found it on level 5 of the Dungeon)
 i - a +3 leather armour (worn)
   (You found it on level 1 of the Dungeon)
 k - a +0 pair of boots (worn)
   (You found it on level 1 of the Dungeon)
 o - a +0 plate armour
   (You found it on level 2 of the Dungeon)
 u - a +0 pair of gloves
   (You found it on level 3 of the Dungeon)
 z - the -6 pair of gloves of the Meadowlark (worn) {Int+4}
   (You found it on level 5 of the Dungeon)

   Int:       It affects your intelligence (+4).
Magical Staves
 w - a staff of air {!astaff}
   (You found it on level 3 of the Dungeon)
Jewellery
 n - a ring of poison resistance (left hand)
   (You found it on level 2 of the Dungeon)
Scrolls
 e - 6 scrolls of teleportation {@r4}
 j - a scroll of brand weapon {unknown}
 l - a scroll of noise {!r}
 m - a scroll of holy word
 q - a scroll of fog
 t - 2 scrolls of immolation {!r!r}
 y - a scroll of vulnerability {!r!r}
 A - a scroll of amnesia {unknown}
 B - a scroll of blinking {unknown}
Potions
 d - 2 potions of attraction {!q}
 f - 4 potions of curing {@q1}
 h - a potion of lignification {unknown}
 p - a potion of might {unknown}
 r - a potion of brilliance {unknown}
 s - 2 potions of resistance {unknown}
 v - a potion of cancellation {unknown}

Dungeon Overview and Level Annotations

Branches:
Dungeon (5/15)
 Temple: D:4-7

Altars:
Fedhas
Trog
Uskayaw
Yredelemnul

Annotations:
D:4 2 runed translucent doors

###....#
#########'#
#....#....#
#....#....#
#....+....#
#...##....#
###...##....#
#.#.........#
#@..........#
#>O##+####....#
#.S #....# ..##
#....# .#.
#....# # #
+....# #....#


You could see an ogre (burning) and an adder.


Message History

😮 HP[-5]
You take 5 damage, and now have 37/56 hp.
You feel less confused. The orc hits you with a +0 mace.
The orc splashes around in the water. 😮 HP[-1]
You take 1 damage, and now have 36/56 hp.
You cannot walk through the dense trees.
You cannot walk through the dense trees.
You closely miss the orc.
The orc splashes around in the water.
Your unstable footing causes you to fumble your attack.
The orc hits you with a +0 mace.
You closely miss the orc. You bite the orc, but do no damage.
The orc hits you with a +0 mace. 😮 HP[-5]
You take 5 damage, and now have 31/56 hp.
Your unstable footing causes you to fumble your attack.
The orc closely misses you.
You hit the orc.
The orc is poisoned.
You bite the orc, but do no damage. The orc hits you with a +0 mace.
* * * LOW HITPOINT WARNING * * *
😨 HP[-6]
You take 6 damage, and now have 25/56 hp.
You hit the orc.
The orc looks as sick as possible!
You kill the orc!
Fedhas appreciates your contribution to the ecosystem.
You hear a splash. x2
Things that are here:
a +0 mace {mace}; a +0 leather armour; an orc corpse 😨 HP[+1] Unknown command.
Key pressed, stopping explore.
Key pressed, stopping explore.
Key pressed, stopping explore.
A - a scroll labelled VAIBOIWUTI
Things that are here:
a +0 dagger {short}; a +0 robe; an orc corpse 😎 HP[+30]
Your hp is fully restored (56).
Key pressed, stopping explore.
You see here a +0 spear {polearm}.
You now have 350 gold pieces (gained 14).
Things that are here:
a +0 whip {mace}; a +0 flail {mace}
B - a scroll labelled HOTOSAN MUOTS You open the door.
There is an open door here.
You now have 362 gold pieces (gained 12).
Found a stone staircase leading down.
An ogre comes into view. It is wielding a +0 giant club.
An ogre is nearby!
An ogre is nearby!
The magic dart hits the ogre.
The ogre shouts! 😎 MP[-1]
You lost 1 mp, and now have 11/12 mp.
You barely miss the ogre.
The ogre hits you with a +0 giant club!!
You hear an angry hiss. 😮 HP[-24]
You take 24 damage, and now have 32/56 hp.
MASSIVE DAMAGE!! (PAUSE)
Okay, then.
Casting: Magic Dart (safe; 1% risk of failure)
Confirm with . or Enter, or press ? or * to list all spells.
A film of ice covers your body!
The ogre hits you but does no damage. 😮 HP[+1] MP[-3]
You lost 3 mp, and now have 8/12 mp.
Casting: Ozocubu's Armour (dangerous; 9% risk of failure)
Confirm with . or Enter, or press ? or * to list all spells.
The fire begins to smoulder!
An adder comes into view. 😮 MP[-3]
You lost 3 mp, and now have 5/12 mp.
Unknown command.
Your icy armour will break if you move.
Continue?
Okay, then.
Casting: Conjure Flame (dangerous; 5% risk of failure)
Confirm with . or Enter, or press ? or * to list all spells.
The spell is quite dangerous to miscast (19% risk of failure)!
Continue anyway?
Aiming: Sticky Flame (quite dangerous; 19% risk of failure)
Press: ? - help, Shift-Dir - straight line, f/p - ogre
Aim: an ogre, wielding a +0 giant club (lightly wounded, 100% to hit)
The sticky flame hits the ogre!
The ogre is covered in liquid flames!
The ogre burns!
The ogre hits you with a +0 giant club.
You smother the flame. 😮 HP[-4] MP[-4]
You take 4 damage, and now have 29/56 hp.
You lost 4 mp, and now have 1/12 mp.
Casting: Sticky Flame (quite dangerous; 19% risk of failure)
Confirm with . or Enter, or press ? or * to list all spells.
You don't have enough magic to cast this spell.
Casting: Sticky Flame (quite dangerous; 19% risk of failure)
Confirm with . or Enter, or press ? or * to list all spells.
Aiming: Magic Dart (safe; 1% risk of failure)
Press: ? - help, Shift-Dir - straight line, f/p - ogre
Aim: an ogre, wielding a +0 giant club (moderately wounded, covered in liquid flames, 100% to hit)
The magic dart hits the ogre.
The ogre burns!
The ogre hits you with a +0 giant club!!
Ouch! That really hurt!
You die...
Fedhas appreciates your contribution to the ecosystem.

Skill      XL: |  1  2  3  4  5  6  7 |
---------------+----------------------+-----
Invocations    | 1 2 |  2.8
Short Blades   | 1 2 |  2.5
Long Blades    | 1 2 |  2.5
Axes           | 1 2 |  2.5
Maces & Flails | 1 2 |  2.5
Polearms       | 1 2 |  2.5
Staves         | 1 2 |  2.5
Slings         | 1 2 |  2.5
Bows           | 1 2 |  2.5
Crossbows      | 1 2 |  2.5
Throwing       | 1 2 |  2.5
Armour         | 1 2 |  2.5
Dodging        | 1 2 |  2.5
Stealth        | 1 2 |  2.5
Shields        | 1 2 |  2.5
Unarmed Combat | 1 2 |  2.5
Evocations     | 1 2 |  2.5
Spellcasting   | 3 |  3.8
Hexes          | 1 2 |  2.1
Summonings     | 1 2 |  2.1
Necromancy     | 1 2 |  2.1
Translocations | 1 2 |  2.1
Transmutations | 1 2 |  2.1
Fire Magic     | 1 2 |  2.1
Air Magic      | 1 2 |  2.1
Earth Magic    | 1 2 |  2.1
Poison Magic   | 1 2 |  2.1
Ice Magic      | 4 |  4.3
Fighting       | 5 |  5.3
Conjurations   | 9 |  9.0

Action                   |  1- 3 |  4- 6 |  7- 9 || total
-------------------------+-------+-------+-------++-------
Melee: Dagger            |    13 |    81 |    17 ||   111
       Bite              |     2 |     9 |     4 ||    15
       Punch             |       |     1 |       ||     1
       Short sword       |       |       |     9 ||     9
 Cast: Magic Dart        |    51 |    91 |    65 ||   207
       Ozocubu's Armour  |       |     2 |     2 ||     4
       Sticky Flame      |       |     1 |     4 ||     5
       Conjure Flame     |       |       |     1 ||     1
  Use: Potion            |     1 |     1 |       ||     2
       Scroll            |       |     1 |     6 ||     7
 Stab: Invisible         |       |     3 |       ||     3
Armor: Leather armour    |     4 |    42 |    13 ||    59
       Robe              |     1 |       |       ||     1
Dodge: Dodged            |     7 |    55 |    19 ||    81

Levels and vault maps discovered:
D:1:      nagdon_arrival_double_spiral, layout_loops_ring,
          chequers_ecumenical_altar_island, minmay_pentomino_t2
D:2:      kennysheep_big_flooded_room, layout_basic,
          chequers_serial_rivers_small_b, kennysheep_generic_room_4,
          uniq_natasha
D:3:      layout_basic, st_stairs_11, minivault_19,
          ebering_dispersal_statue_hall
D:4:      layout_basic, mainiacjoe_overflow_cross_hatched,
          jmf_multi_god_temple2, trog_butcher_becter, minmay_misc_feat_diagonals
D:5:      layout_gridville, yredelemnul_altar_generic,
          minmay_temple_entry_fiery, serial_bayou, serial_bayou_ford_a,
          serial_bayou_lake_a, serial_bayou_shore_b, serial_bayou_pond_a,
          st_stairs_7

Notes
Turn   | Place    | Note
-------+----------+-------------------------------------------
     0 | D:1      | spaghetti the Gnoll Wanderer began the quest for the Orb.
     0 | D:1      | spaghetti set off with the following items: a +0 dagger
                  | {short}, a scroll of fear, a +0 robe, a potion of
                  | attraction {!q}; and the following spells available to
                  | memorise: Magic Dart, Freeze, Conjure Flame, Ozocubu's
                  | Armour, Sticky Flame
     0 | D:1      | Reached XP level 1. HP: 20/20 MP: 4/4
     0 | D:1      | magus.rc [v1.9.6]
     2 | D:1      | Learned a level 1 spell: Magic Dart
   240 | D:1      | Reached XP level 2. HP: 26/26 MP: 3/5
   692 | D:1      | Found a faded altar of an unknown god.
   810 | D:1      | Prayed at the altar of an unknown god.
   810 | D:1      | Became a worshipper of Fedhas Madash
   810 | D:1      | Reached * piety under Fedhas
  1164 | D:2      | Reached XP level 3. HP: 26/31 MP: 1/7
  1472 | D:2      | Noticed Natasha
  1479 | D:2      | Reached skill level 1 in Invocations
  1494 | D:2      | Killed Natasha
  1495 | D:2      | Reached skill level 1 in Short Blades
  1495 | D:2      | Reached skill level 1 in Long Blades
  1495 | D:2      | Reached skill level 1 in Axes
  1495 | D:2      | Reached skill level 1 in Maces & Flails
  1495 | D:2      | Reached skill level 1 in Polearms
  1495 | D:2      | Reached skill level 1 in Staves
  1495 | D:2      | Reached skill level 1 in Slings
  1495 | D:2      | Reached skill level 1 in Bows
  1495 | D:2      | Reached skill level 1 in Crossbows
  1495 | D:2      | Reached skill level 1 in Throwing
  1495 | D:2      | Reached skill level 1 in Armour
  1495 | D:2      | Reached skill level 1 in Dodging
  1495 | D:2      | Reached skill level 1 in Stealth
  1495 | D:2      | Reached skill level 1 in Shields
  1495 | D:2      | Reached skill level 1 in Unarmed Combat
  1495 | D:2      | Reached skill level 1 in Evocations
  1495 | D:2      | Reached XP level 4. HP: 24/38 MP: 1/8
  1557 | D:2      | Learned a level 3 spell: Ozocubu's Armour
  1562 | D:2      | Learned a level 4 spell: Sticky Flame
  1625 | D:2      | Noticed Natasha
  1630 | D:2      | Killed Natasha
  1631 | D:2      | Reached skill level 3 in Spellcasting
  1699 | D:2      | Reached skill level 1 in Hexes
  1699 | D:2      | Reached skill level 1 in Summonings
  1699 | D:2      | Reached skill level 1 in Necromancy
  1699 | D:2      | Reached skill level 1 in Translocations
  1699 | D:2      | Reached skill level 1 in Transmutations
  1699 | D:2      | Reached skill level 1 in Fire Magic
  1699 | D:2      | Reached skill level 1 in Air Magic
  1699 | D:2      | Reached skill level 1 in Earth Magic
  1699 | D:2      | Reached skill level 1 in Poison Magic
  1708 | D:2      | Noticed Natasha
  1714 | D:2      | Killed Natasha
  1715 | D:2      | Reached XP level 5. HP: 43/43 MP: 1/9
  1810 | D:2      | Reached ** piety under Fedhas
  2292 | D:3      | Noticed an ogre
  2303 | D:3      | Killed an ogre
  2304 | D:3      | Reached skill level 4 in Ice Magic
  2304 | D:3      | Reached skill level 2 in Invocations
  2304 | D:3      | Reached XP level 6. HP: 36/50 MP: 2/11
  2443 | D:3      | Learned a level 3 spell: Conjure Flame
  2950 | D:3      | Reached skill level 5 in Fighting
  2950 | D:3      | Reached skill level 2 in Short Blades
  2950 | D:3      | Reached skill level 2 in Long Blades
  2950 | D:3      | Reached skill level 2 in Axes
  2950 | D:3      | Reached skill level 2 in Maces & Flails
  2950 | D:3      | Reached skill level 2 in Polearms
  2950 | D:3      | Reached skill level 2 in Staves
  2950 | D:3      | Reached skill level 2 in Slings
  2950 | D:3      | Reached skill level 2 in Bows
  2950 | D:3      | Reached skill level 2 in Crossbows
  2950 | D:3      | Reached skill level 2 in Throwing
  2950 | D:3      | Reached skill level 2 in Armour
  2950 | D:3      | Reached skill level 2 in Dodging
  2950 | D:3      | Reached skill level 2 in Stealth
  2950 | D:3      | Reached skill level 2 in Shields
  2950 | D:3      | Reached skill level 2 in Unarmed Combat
  2950 | D:3      | Reached skill level 2 in Evocations
  3461 | D:4      | Found a large runed translucent door.
  3462 | D:4      | Found a large runed translucent door.
  3805 | D:4      | Reached skill level 9 in Conjurations
  3826 | D:4      | Reached *** piety under Fedhas
  4055 | D:4      | Reached XP level 7. HP: 56/56 MP: 9/12
  4109 | D:4      | Found a hide-covered altar of Uskayaw.
  4216 | D:4      | Found a bloodstained altar of Trog.
  4344 | D:5      | Entered Level 5 of the Dungeon
  4361 | D:5      | Identified the -6 pair of gloves of the Meadowlark {Int+4}
  4940 | D:5      | Reached skill level 2 in Hexes
  4940 | D:5      | Reached skill level 2 in Summonings
  4940 | D:5      | Reached skill level 2 in Necromancy
  4940 | D:5      | Reached skill level 2 in Translocations
  4940 | D:5      | Reached skill level 2 in Transmutations
  4940 | D:5      | Reached skill level 2 in Fire Magic
  4940 | D:5      | Reached skill level 2 in Air Magic
  4940 | D:5      | Reached skill level 2 in Earth Magic
  4940 | D:5      | Reached skill level 2 in Poison Magic
  5025 | D:5      | HP: 9/56 [acid (10)]
  5030 | D:5      | HP: 7/56 [gnoll/+0 club (4)]
  5338 | D:5      | Found a basalt altar of Yredelemnul.
  5772 | D:5      | Slain by an ogre

Vanquished Creatures
  An ogre (D:3)
  A scorpion (D:3)
  A jelly (D:5)
  3 hounds
  2 iguanas
  Natasha (thrice) (D:2)
  2 orc wizards
  4 gnolls (D:5)
  11 adders
  An ufetubus (D:4)
  A dart slug (D:4)
  8 orcs
  4 bats
  6 endoplasms
  3 giant cockroaches
  7 goblins
  7 hobgoblins
  2 jackals (D:3)
  3 quokkas
  11 ball pythons
  5 frilled lizards
  5 kobolds
  10 rats
101 creatures vanquished.

Vanquished Creatures (others)
  An orc (D:4)
  47 plants
  7 toadstools (D:1)
55 creatures vanquished.

Grand Total: 156 creatures vanquished

Table legend:
 A = Non-vault XP
 B = Vault XP
 C = Vault XP percentage of total XP
 D = Non-vault monster count
 E = Vault monster count
 F = Vault count percentage of total count
                 A         B        C        D         E       F
            +---------+---------+-------+---------+---------+-------
      Total |     869 |      80 |   8.4 |      85 |      15 |  15.0
            +---------+---------+-------+---------+---------+-------
        D:1 |      28 |       3 |   9.7 |      19 |       2 |   9.5
        D:2 |     108 |      51 |  32.1 |      16 |       5 |  23.8
        D:3 |     254 |      19 |   7.0 |      16 |       4 |  20.0
        D:4 |     189 |       7 |   3.6 |      20 |       4 |  16.7
        D:5 |     290 |       0 |   0.0 |      14 |       0 |   0.0
            +---------+---------+-------+---------+---------+-------

Illustrated notes

Table legend:
 A = Kills in this place as a percentage of kills in entire the game.
 B = Kills by you in this place as a percentage of kills by you in the entire game.
 C = Kills by friends in this place as a percentage of kills by friends in the entire game.
 D = Other kills in this place as a percentage of other kills in the entire game.
 E = Experience gained in this place as a percentage of experience gained in the entire game.
 F = Experience gained in this place divided by the number of levels of this place that you have seen.
                   A       B       C       D       E      F
               +-------+-------+-------+-------+-------+----------------------
         Total | 100.0 | 100.0 |   N/A |   N/A | 100.0 | 189.8
       Dungeon | 100.0 | 100.0 |   N/A |   N/A | 100.0 | 189.8
               +-------+-------+-------+-------+-------+----------------------

Table legend: (Time is in decaauts)
 A = Elapsed time spent in this place.
 B = Non-inter-level travel time spent in this place.
 C = Inter-level travel time spent in this place.
 D = Time resting spent in this place.
 E = Time spent auto-exploring this place.
 F = Levels seen in this place.
 G = Mean time per level.
                   A        B        C        D        E       F      G
               +--------+--------+--------+--------+--------+-----+--------+
         Total |   5828 |   5663 |    165 |    332 |   4653 |   5 | 1165.6 |
       Dungeon |   5828 |   5663 |    165 |    332 |   4653 |   5 | 1165.6 |
               +--------+--------+--------+--------+--------+-----+--------+

Top non-repeatable levels by time:
     D:4: 1389 daAuts
     D:5: 1173 daAuts
     D:1: 1135 daAuts
     D:2: 1070 daAuts
     D:3: 1059 daAuts
